 Dungeon Crawl Stone Soup version 0.31-a0-441-g867994ef1c (webtiles) character file.

Game seed: 2314836492749027060

2674 Dittersdorf the Trooper (level 9, -3/59 HPs)
             Began as a Gargoyle Fighter on Aug 2, 2023.
             Was an Elder of Okawaru.
             Slain by a wolf (6 damage)
             ... led by Grum
             ... on level 7 of the Dungeon.
             The game lasted 00:11:15 (7292 turns).

Dittersdorf the Trooper (Gargoyle Fighter)          Turns: 7292, Time: 00:11:15

Health: -3/59      AC: 24    Str: 20    XL:     9   Next: 63%
Magic:  9/9        EV:  9    Int:  9    God:    Okawaru [****..]
Gold:   448        SH:  5    Dex:  9    Spells: 6/8 levels left

rFire   + + .        A - +1 whip of Dithmenos, Stopping {freeze, rPois rF++ rC+ Str-4}
rCold   + . .        c - +0 buckler
rNeg    + . .        b - +0 scale mail
rPois   ∞            m - +2 helmet {SInv}
rElec   +            s - +1 cloak
rCorr   .            k - +0 pair of gloves
SInv    +            r - +2 pair of boots
Will    +....        (no amulet) Stlth
                     o - ring of flight
HPRegen 0.29/turn    l - ring of willpower
MPRegen 0.11/turn

%: no passive effects
@: flying
A: sickness immunity, AC +6, negative energy resistance 1, electricity
resistance, torment resistance 1, petrification resistance
a: Renounce Religion, Heroism, Finesse


You were on level 7 of the Dungeon.
You worshipped Okawaru.
Okawaru was greatly pleased with you.
You visited 1 branch of the dungeon, and saw 8 of its levels.
You also visited: Ossuary.

You collected 448 gold pieces.

Inventory:

Hand Weapons
 a - a +0 flail
 A - the +1 whip of Dithmenos, Stopping (weapon) {freeze, rPois rF++ rC+ Str-4}
   (You found it on level 5 of the Dungeon)

   Str:       It affects your strength (-4).
   rF:        It greatly protects you from fire.
   rC:        It protects you from cold.
   rPois:     It protects you from poison.
Armour
 b - a +0 scale mail (worn)
 c - a +0 buckler (worn)
 k - a +0 pair of gloves (worn)
 m - a +2 helmet of see invisible (worn)
 r - a +2 pair of boots (worn)
 s - a +1 cloak (worn)
Jewellery
 l - a ring of willpower (right hand)
 o - a ring of flight (left hand)
 x - a ring of protection from cold
Wands
 z - a wand of iceblast (4)
Scrolls
 e - a scroll of fear {unknown}
 g - 6 scrolls of teleportation
 n - a scroll of fog {unknown}
 t - a scroll of silence {unknown}
 u - 2 scrolls of vulnerability {unknown}
Potions
 d - 5 potions of might
 f - a potion of enlightenment
 h - 3 potions of lignification {unknown}
 i - 3 potions of mutation {unknown}
 j - 4 potions of heal wounds {unknown}
 p - 2 potions of curing
 q - 3 potions of brilliance
 v - 2 potions of cancellation
 B - a potion of haste


   Skills:
 + Level 7.8 Fighting
 + Level 6.7 Maces & Flails
 + Level 7.7 Armour
 + Level 7.8 Shields


You had 6 spell levels left.
You knew the following spells:

 Your Spells              Type           Power      Damage    Failure   Level
a - Passwall              Tmut/Erth      0%         N/A       88%         2

Your spell library contained the following spells:

 Spells                   Type           Power      Damage    Failure   Level
 Sandblast                Erth           0%         2d4       77%         1
 Wereblood                Tmut           0%         N/A       88%         2
 Portal Projectile        Hex/Tloc       0%         N/A       98%         3
 Stone Arrow              Conj/Erth      0%         3d7       98%         3
 Iskenderun's Mystic Bla  Conj/Tloc      0%         2d3       100%        4
 Sublimation of Blood     Necr           Unusable   N/A       N/A         2
 Tukima's Dance           Hex            Unusable   N/A       N/A         3
 Summon Hydra             Summ           Unusable   N/A       N/A         7

Dungeon Overview and Level Annotations

Branches:
Dungeon (8/15)             Temple (0/1) D:6         Ossuary (visited)
   Lair: D:8-11

Altars:
Ashenzari
Cheibriados
Dithmenos
Fedhas
Kikubaaqudgha
Makhleb
Nemelex Xobeh
Okawaru
Xom
Yredelemnul

Annotations:
D:5 1 runed translucent door, RepHenryClay's ghost, novice DEHW
D:8 Grum


Innate Abilities, Weirdness & Mutations

You are immune to sickness and miasma.
Your stone body is resilient. (AC +6)
You are immune to poison.
You resist negative energy. (rN+)
You are resistant to electric shocks. (rElec)
You are resistant to unholy torment.
You are immune to petrification.


Message History

The wolf bites you but does no damage. You block the orc's attack.
The howler monkey closely misses you. The wolf bites you but does no damage.
You hit the wolf but do no damage.
The wolf is lightly wounded.
The wolf bites you but does no damage. The wolf barely misses you.
The wolf closely misses you. You block the wolf's attack.
The wolf bites you but does no damage.
The howler monkey hits you but does no damage.
The orc closely misses you.
You closely miss the wolf.
The wolf is lightly wounded.
The wolf closely misses you. x2; The wolf bites you.
* * * LOW HITPOINT WARNING * * *
You closely miss the wolf.
The wolf is lightly wounded.
The wolf bites you.
* * * LOW HITPOINT WARNING * * *
The wolf completely misses you. The wolf closely misses you.
The howler monkey closely misses you. The orc hits you but does no damage.
You hit the wolf but do no damage.
The wolf is lightly wounded.
The wolf bites you but does no damage. x3
The howler monkey hoots and howls with incredible vigour!
You block the orc's attack. You block the wolf's attack.
The wolf closely misses you. The wolf barely misses you.
You miss the wolf.
The wolf is lightly wounded.
The wolf bites you.
* * * LOW HITPOINT WARNING * * *
You block the howler monkey's attack. The wolf bites you but does no damage.
You block the wolf's attack. The orc hits you but does no damage.
You hit the wolf. You freeze the wolf.
The wolf is lightly wounded.
The wolf barely misses you. The wolf bites you but does no damage.
You block the wolf's attack.
The howler monkey hits you but does no damage.
The wolf bites you.
* * * LOW HITPOINT WARNING * * *
The wolf bites you but does no damage. The wolf bites you.
You die...

#........# #####.### ###.#
#.###.##.# ##'## #.# #.# #.##.#
##...## #.# #.# #.##.#
##.....## ###.# #.###.#..#
##.......## ##.#.#
#........####.........####....#
#####.......'......<..'........
#....####hhh......####....#
#.#.## ##@o.....## ##.#.#
###.#### ##h....## ###.#
#......# ##...## #.# #.#.##.##
##+## ##.# #.#.#...# #.# ###)..
#.#.....# #.# #...#. #.>.....#
##.## #.#... ######.##
##...#######.#### #.#
#............#


You could see 3 wolves, a howler monkey and an orc.

Vanquished Creatures
  Sigmund (D:5)
  Eustachio (D:4)
  A water moccasin (D:6)
  A black bear (D:6)
  A sky beast (D:6)
  An ogre (D:5)
  A wolf (D:7)
  A centaur (D:6)
  2 phantoms
  A kobold brigand (D:7)
  An elf zombie (Ossuary)
  Blork the orc (D:6)
  2 scorpions
  3 wights (D:7)
  4 killer bees (D:6)
  3 howler monkeys (D:7)
  4 hounds
  A human zombie (Ossuary)
  A jelly (D:7)
  Crazy Yiuf (D:3)
  A gnoll bouda (D:6)
  3 orc priests
  3 sleepcaps (D:4)
  3 iguanas (D:7)
  Ijyb (D:4)
  8 orc wizards
  2 hound zombies (Ossuary)
  4 mummies (Ossuary)
  3 adders
  5 gnolls (D:6)
  3 white imps (D:5)
  An ufetubus (D:5)
  2 adder zombies (Ossuary)
  3 worms
  16 orcs
  7 ball pythons
  6 endoplasms
  4 giant cockroaches
  7 goblins
  5 hobgoblins
  4 jackals (D:4)
  A quokka (D:2)
  14 bats
  A frilled lizard (D:1)
  A goblin zombie (Ossuary)
  2 hobgoblin zombies (Ossuary)
  9 kobolds
  A kobold zombie (Ossuary)
  An orc zombie (Ossuary)
  3 rats (D:1)
  A rat zombie (Ossuary)
157 creatures vanquished.

Vanquished Creatures (others)
  An orc (D:5)
1 creature vanquished.

Grand Total: 158 creatures vanquished

Notes
Turn   | Place    | Note
-------+----------+-------------------------------------------
     0 | D:1      | Dittersdorf the Gargoyle Fighter began the quest for the
                  | Orb.
     0 | D:1      | Reached XP level 1. HP: 14/14 MP: 1/1
     7 | D:1      | You fall into a shaft and drop 1 floor!
    89 | D:1      | Reached XP level 2. HP: 10/19 MP: 2/2
   593 | D:2      | Reached XP level 3. HP: 13/23 MP: 3/3
   838 | D:2      | Found a faded altar of an unknown god.
  1372 | D:3      | Found a shimmering altar of Xom.
  1396 | D:2      | Reached XP level 4. HP: 20/29 MP: 4/4
  1442 | D:3      | Found a blossoming altar of Fedhas.
  1445 | D:3      | Found an iron altar of Okawaru.
  1460 | D:3      | Became a worshipper of Warmaster Okawaru
  1762 | D:3      | Reached XP level 5. HP: 33/33 MP: 5/5
  1859 | D:3      | Found a runed translucent door.
  1860 | D:3      | Noticed Crazy Yiuf
  2084 | D:3      | Found a shadowy altar of Dithmenos.
  2158 | D:3      | Killed Crazy Yiuf
  2412 | D:4      | Reached * piety under Okawaru
  2605 | D:4      | Identified the +0 ring mail of the Evil One {Str+3 Dex-5
                  | Stlth+}
  2625 | D:4      | Reached XP level 6. HP: 39/39 MP: 6/6
  2897 | D:4      | Found a burning altar of Makhleb.
  3049 | D:5      | Entered Level 5 of the Dungeon
  3049 | D:5      | Noticed Ijyb
  3117 | D:4      | Killed Ijyb
  3201 | D:5      | Reached skill level 5 in Fighting
  3219 | D:5      | Reached skill level 5 in Shields
  3222 | D:5      | Reached skill level 5 in Armour
  3222 | D:5      | Reached XP level 7. HP: 28/44 MP: 7/7
  3308 | D:5      | Identified the +1 whip of Dithmenos, Stopping {freeze,
                  | rPois rF++ rC+ Str-4}
  3378 | D:5      | Noticed Eustachio
  3402 | D:5      | Noticed Sigmund
  3540 | D:4      | Killed Eustachio
  3635 | D:5      | Killed Sigmund
  3635 | D:5      | Reached ** piety under Okawaru
  3636 | D:5      | Reached XP level 8. HP: 46/51 MP: 8/8
  3703 | D:5      | Learned a level 2 spell: Passwall
  3814 | D:5      | Found a runed translucent door.
  3814 | D:5      | Noticed RepHenryClay's ghost (novice DEHW)
  3833 | D:5      | Reached skill level 5 in Maces & Flails
  4017 | D:6      | Noticed Blork the orc
  4059 | D:6      | Found a staircase to the Ecumenical Temple.
  4099 | D:6      | Found an ancient bone altar of Kikubaaqudgha.
  4099 | D:6      | Found a basalt altar of Yredelemnul.
  4120 | D:6      | Found a broken altar of Ashenzari.
  4151 | D:6      | Found a sand-covered staircase.
  4186 | D:6      | Reached *** piety under Okawaru
  4243 | Ossuary  | Entered an ossuary
  4541 | Ossuary  | Reached XP level 9. HP: 56/56 MP: 9/9
  4723 | D:6      | Identified the +1 dagger of Terra Nullius {heavy, Str+2}
  5432 | D:6      | Killed Blork the orc
  5803 | D:6      | Found a sparkling altar of Nemelex Xobeh.
  5805 | D:6      | Found a snail-covered altar of Cheibriados.
  5807 | D:6      | Found a faded altar of an unknown god.
  6594 | D:7      | Reached **** piety under Okawaru
  7267 | D:8      | Noticed Grum
  7267 | D:8      | Noticed a centaur warrior
  7292 | D:7      | Slain by a wolf

Illustrated notes

Levels and vault maps discovered:
D:1:      dpeg_arrival_short_road, layout_rooms
D:2:      layout_loops_ring, shapermc_ecumenical_altar_gd
D:3:      layout_rooms, mainiacjoe_overflow_alcove_1,
          chequers_temple_overflow_statue_of_worship, uniq_crazy_yiuf_cottage
D:4:      layout_loops_ring, lightli_temple_of_fire, minmay_distorted
D:5:      layout_rooms, ebering_ghost_reflecting_pool, uniq_eustachio,
          uniq_sigmund, uniq_ijyb
D:6:      layout_layer_cave, chequers_temple_overflow_minitemple,
          evilmike_ruin_ashenzari, minmay_temple_entry_wispy,
          nicolae_ossuary_entry_ruins, uniq_blork_the_orc
D:7:      layout_loops_corners
D:8:      layout_rooms, lemuel_doored_altar, zin_statuary, uniq_grum,
          uniq_joseph, uniq_maggie, uniq_pikel

Skill      XL: |  1  2  3  4  5  6  7  8  9 |
---------------+----------------------------+-----
Fighting       | 4 5 6 7 |  7.8
Armour         | 4 5 6 7 |  7.7
Shields        | 4 5 6 7 |  7.8
Maces & Flails | 3 4 5 6 |  6.7

Action                     |  1- 3 |  4- 6 |  7- 9 || total
---------------------------+-------+-------+-------++-------
  Melee: Flail             |   178 |   208 |    10 ||   396
         Whip              |       |       |   647 ||   647
 Invoke: Heroism           |       |       |     4 ||     4
    Use: Scroll            |       |     3 |     9 ||    12
         Potion            |       |       |     4 ||     4
 Armour: Scale mail        |   177 |   178 |   600 ||   955
  Dodge: Dodged            |   135 |   129 |   418 ||   682
  Block: Buckler           |    59 |    63 |   222 ||   344

Table legend: (Time is in decaauts)
 A = Elapsed time spent in this place.
 B = Non-inter-level travel time spent in this place.
 C = Inter-level travel time spent in this place.
 D = Time resting spent in this place.
 E = Time spent auto-exploring this place.
 F = Levels seen in this place.
 G = Mean time per level.
                   A        B        C        D        E       F      G
               +--------+--------+--------+--------+--------+-----+--------+
         Total |   7306 |   7018 |    288 |    700 |   4555 |   9 |  811.8 |
       Dungeon |   6979 |   6691 |    288 |    638 |   4446 |   8 |  872.4 |
       Ossuary |    327 |    327 |      0 |     62 |    109 |   1 |  327.0 |
               +--------+--------+--------+--------+--------+-----+--------+

Top non-repeatable levels by time:
     D:6: 1505 daAuts
     D:7: 1311 daAuts
     D:4: 1145 daAuts
     D:2: 1074 daAuts
     D:3: 736 daAuts
     D:5: 684 daAuts
     D:1: 516 daAuts
 Ossuary: 327 daAuts
     D:8: 5 daAuts
